General information
- name: BNet
- type: Ladder team game (AT/RT)
- host: Battle.net
- saver: HotDogPizza1
map: Goldshire
- players: 4
- length: 32:26
- speed: Fast
- version: 1.26 W3XP
- replay type:

» download(198 KB)
Players
team 1 (winner)
HotDogPizza1 (
green | 122 APM | 3972 actions | 32:26)
4 Archmage
2 Blizzard
2 Brilliance Aura
2 Mountain King
2 Storm Bolt
2 Paladin
1 Holy Light
1 Divine Shield
» actions
| Assign group hotkey | 16 | |
| Basic commands | 3 | |
| Build / train | 113 | |
| Enter build submenu | 75 | |
| Enter hero's abilities submenu | 8 | |
| Give item / drop item | 6 | |
| Right click | 2404 | |
| Select / deselect | 595 | |
| Select group hotkey | 398 | |
| Use ability | 352 | |
3972 total
» units
| Peasant | 15 | |
| Dragonhawk Rider | 7 | |
| Goblin Zeppelin | 2 | |
| Sorceress | 1 | |
25 total
» upgrades
| Masonry | 4 | |
| Magic Sentry | 1 | |
| Swords | 2 | |
| Armor | 2 | |
| Sorceress Training | 1 | |
| Animal War Training | 1 | |
11 total
» buildings
| Altar of Kings | 2 | |
| Farm | 10 | |
| Lumber Mill | 2 | |
| Scout Tower | 66 | |
| Arcane Tower | 7 | |
| Guard Tower | 25 | |
| Arcane Vault | 1 | |
| Keep | 3 | |
| Gryphon Aviary | 2 | |
| Castle | 2 | |
| Arcane Sanctum | 2 | |
| Town Hall | 2 | |
| Blacksmith | 1 | |
| Barracks | 1 | |
126 total
» build order
00:09 Altar of Kings
00:20 Farm
00:35 Lumber Mill
00:54 Farm
01:31 Scout Tower
01:45 Scout Tower
01:48 Scout Tower
02:01 Arcane Tower
02:15 Guard Tower
02:16 Guard Tower
02:28 Scout Tower
02:34 Scout Tower
03:22 Guard Tower
03:33 Scout Tower
03:37 Scout Tower
03:41 Arcane Vault
04:13 Guard Tower
04:15 Scout Tower
05:05 Keep
05:05 Keep
05:08 Scout Tower
05:09 Scout Tower
05:11 Guard Tower
05:13 Scout Tower
05:14 Scout Tower
05:14 Scout Tower
05:16 Scout Tower
05:16 Scout Tower
05:17 Guard Tower
05:38 Guard Tower
05:40 Farm
05:41 Farm
06:04 Guard Tower
06:06 Scout Tower
06:08 Scout Tower
06:16 Guard Tower
06:50 Guard Tower
07:37 Gryphon Aviary
08:13 Guard Tower
08:13 Guard Tower
08:13 Guard Tower
08:15 Scout Tower
08:18 Scout Tower
08:22 Scout Tower
08:23 Scout Tower
08:24 Scout Tower
08:25 Scout Tower
09:10 Castle
10:35 Arcane Sanctum
10:43 Guard Tower
11:13 Guard Tower
11:16 Scout Tower
11:17 Scout Tower
11:34 Farm
12:57 Town Hall
13:03 Arcane Tower
13:23 Arcane Tower
14:38 Scout Tower
14:39 Scout Tower
14:40 Scout Tower
14:41 Scout Tower
14:41 Scout Tower
14:48 Gryphon Aviary
15:08 Guard Tower
15:13 Scout Tower
15:13 Scout Tower
15:15 Scout Tower
15:16 Scout Tower
15:16 Scout Tower
15:18 Scout Tower
15:18 Scout Tower
15:37 Keep
16:05 Lumber Mill
16:37 Guard Tower
16:57 Scout Tower
16:59 Scout Tower
17:00 Scout Tower
17:01 Scout Tower
17:05 Scout Tower
17:06 Scout Tower
17:08 Scout Tower
17:08 Scout Tower
18:17 Guard Tower
18:19 Scout Tower
18:20 Scout Tower
18:20 Scout Tower
18:21 Scout Tower
20:03 Altar of Kings
20:04 Farm
20:05 Farm
20:06 Farm
20:06 Farm
20:08 Guard Tower
20:33 Guard Tower
20:43 Town Hall
21:21 Scout Tower
21:22 Scout Tower
21:23 Scout Tower
21:52 Arcane Tower
21:54 Scout Tower
21:55 Scout Tower
22:07 Arcane Tower
22:20 Castle
22:32 Arcane Tower
23:30 Arcane Tower
23:39 Guard Tower
23:44 Scout Tower
23:44 Scout Tower
23:46 Scout Tower
25:05 Guard Tower
25:06 Scout Tower
25:09 Scout Tower
25:21 Blacksmith
25:23 Barracks
27:01 Scout Tower
27:01 Scout Tower
27:05 Scout Tower
27:11 Scout Tower
27:23 Arcane Sanctum
28:13 Guard Tower
28:15 Scout Tower
28:25 Guard Tower
28:27 Scout Tower
28:43 Guard Tower
28:56 Farm
31:37 Scout Tower
» items
| Healing Salve | 6 | |
| Lesser Clarity Potion | 4 | |
| Orb of Lightning | 2 | |
| Boots of Speed | 3 | |
| Staff of Teleportation | 3 | |
| Staff of Sanctuary | 2 | |
| Circlet of Nobility | 1 | |
21 total
nutsonyochin.de (
purple | 103 APM | 3346 actions | 32:24)
6 Blademaster
3 Wind Walk
2 Critical Strike
1 Bladestorm
1 Mountain King
1 Bash
» actions
| Assign group hotkey | 23 | |
| Basic commands | 34 | |
| Build / train | 68 | |
| ESC pressed | 2 | |
| Enter build submenu | 46 | |
| Enter hero's abilities submenu | 7 | |
| Give item / drop item | 4 | |
| Right click | 2219 | |
| Select / deselect | 241 | |
| Select group hotkey | 529 | |
| Use ability | 173 | |
3346 total
» units
» upgrades
| Spiked Barricades | 1 | |
| Liquid Fire | 1 | |
| Ranged Weapons | 3 | |
| Armor | 1 | |
| Troll Regeneration | 1 | |
7 total
» buildings
| Altar of Storms | 1 | |
| War Mill | 2 | |
| Orc Burrow | 5 | |
| Watch Tower | 31 | |
| Voodoo Lounge | 2 | |
| Stronghold | 4 | |
| Fortress | 1 | |
| Beastiary | 2 | |
| Barracks | 1 | |
49 total
» build order
00:04 Altar of Storms
00:13 War Mill
00:22 Orc Burrow
01:25 Watch Tower
01:58 Orc Burrow
02:11 Watch Tower
02:31 Voodoo Lounge
03:28 Watch Tower
03:32 Watch Tower
03:44 Stronghold
03:44 Stronghold
03:44 Stronghold
03:45 Stronghold
04:19 Voodoo Lounge
04:41 Watch Tower
04:42 Watch Tower
05:46 Watch Tower
05:48 Watch Tower
06:07 Fortress
06:19 Beastiary
06:22 Beastiary
07:22 Watch Tower
07:23 Watch Tower
08:08 Orc Burrow
08:08 Orc Burrow
08:15 Orc Burrow
09:41 Watch Tower
09:41 Watch Tower
10:34 Watch Tower
10:34 Watch Tower
11:31 Watch Tower
11:31 Watch Tower
11:47 Watch Tower
11:51 Watch Tower
13:09 Watch Tower
13:10 Watch Tower
14:42 Watch Tower
14:43 Watch Tower
16:42 Watch Tower
16:46 Watch Tower
16:47 Watch Tower
16:55 War Mill
18:01 Watch Tower
18:01 Watch Tower
18:19 Watch Tower
21:59 Barracks
26:13 Watch Tower
26:14 Watch Tower
» items
| Staff of Teleportation | 1 | |
| Boots of Speed | 2 | |
| Healing Salve | 5 | |
| Lesser Clarity Potion | 5 | |
| Orb of Lightning | 1 | |
| Scroll of Town Portal | 1 | |
15 total
team 2 (loser)
roberta (
blue | 71 APM | 2293 actions | 32:24)
3 Death Knight
2 Death Coil
1 Unholy Aura
2 Lich
1 Frost Nova
1 Dark Ritual
» actions
| Assign group hotkey | 49 | |
| Basic commands | 5 | |
| Build / train | 61 | |
| ESC pressed | 1 | |
| Enter build submenu | 30 | |
| Enter hero's abilities submenu | 5 | |
| Give item / drop item | 1 | |
| Remove unit from queue | 2 | |
| Right click | 820 | |
| Select / deselect | 365 | |
| Select group hotkey | 755 | |
| Use ability | 199 | |
2293 total
» units
| Acolyte | 13 | |
| Ghoul | 2 | |
| Crypt Fiend | 13 | |
| Meatwagon | 4 | |
| Obsidian Statue | 1 | |
33 total
» upgrades
» buildings
| Crypt | 1 | |
| Ziggurat | 10 | |
| Graveyard | 1 | |
| Altar of Darkness | 1 | |
| Tomb of Relics | 2 | |
| Nerubian Tower | 2 | |
| Halls of the Dead | 1 | |
| Slaughterhouse | 4 | |
| Necropolis | 1 | |
| Spirit Tower | 5 | |
| Black Citadel | 1 | |
| Sacrificial Pit | 1 | |
| Boneyard | 2 | |
32 total
» build order
00:07 Crypt
00:09 Ziggurat
00:33 Graveyard
00:46 Altar of Darkness
01:15 Ziggurat
01:41 Tomb of Relics
01:52 Nerubian Tower
03:28 Halls of the Dead
04:24 Ziggurat
04:33 Ziggurat
05:57 Slaughterhouse
06:01 Slaughterhouse
06:33 Slaughterhouse
06:35 Slaughterhouse
10:13 Ziggurat
10:14 Ziggurat
13:07 Necropolis
14:55 Ziggurat
14:58 Ziggurat
15:00 Tomb of Relics
15:48 Spirit Tower
15:57 Spirit Tower
15:59 Ziggurat
16:56 Nerubian Tower
18:04 Ziggurat
18:12 Spirit Tower
18:53 Black Citadel
19:37 Spirit Tower
21:55 Sacrificial Pit
25:03 Boneyard
25:03 Boneyard
» items
| Rod of Necromancy | 1 | |
| Dust of Appearance | 1 | |
| Potion of Mana | 1 | |
| Potion of Healing | 1 | |
| Scroll of Town Portal | 1 | |
| Orb of Corruption | 1 | |
6 total
Yurtchenko (
yellow | 106 APM | 3373 actions | 31:53)
4 Mountain King
2 Storm Bolt
2 Bash
3 Firelord
2 Soul Burn
1 Summon Lava Spawn
» actions
| Assign group hotkey | 39 | |
| Basic commands | 54 | |
| Build / train | 84 | |
| ESC pressed | 14 | |
| Enter build submenu | 35 | |
| Enter hero's abilities submenu | 7 | |
| Right click | 1562 | |
| Select / deselect | 459 | |
| Select group hotkey | 1019 | |
| Use ability | 100 | |
3373 total
» units
| Peasant | 21 | |
| Footman | 7 | |
| Rifleman | 7 | |
| Flying Machine | 11 | |
| Mortar Team | 7 | |
| Gryphon Rider | 3 | |
56 total
» upgrades
| Lumber Harvesting | 1 | |
| Long Rifles | 1 | |
| Cloud | 1 | |
| Masonry | 1 | |
4 total
» buildings
| Altar of Kings | 1 | |
| Barracks | 1 | |
| Farm | 10 | |
| Scout Tower | 9 | |
| Arcane Tower | 1 | |
| Keep | 2 | |
| Arcane Vault | 1 | |
| Blacksmith | 1 | |
| Workshop | 1 | |
| Lumber Mill | 1 | |
| Gryphon Aviary | 1 | |
| Castle | 1 | |
| Town Hall | 3 | |
| Guard Tower | 5 | |
38 total
» build order
00:08 Altar of Kings
00:20 Barracks
00:36 Farm
00:53 Farm
01:03 Farm
01:17 Scout Tower
01:45 Arcane Tower
02:09 Farm
03:29 Keep
03:41 Arcane Vault
04:12 Blacksmith
05:30 Farm
05:57 Workshop
06:24 Lumber Mill
07:36 Gryphon Aviary
08:17 Castle
09:05 Farm
11:24 Farm
11:27 Farm
11:52 Farm
11:54 Farm
15:03 Town Hall
17:47 Town Hall
21:16 Town Hall
21:59 Scout Tower
22:00 Scout Tower
22:02 Scout Tower
22:02 Scout Tower
22:03 Scout Tower
22:04 Scout Tower
22:27 Guard Tower
22:43 Guard Tower
23:01 Guard Tower
23:44 Scout Tower
23:45 Scout Tower
24:13 Guard Tower
24:50 Guard Tower
28:08 Keep
» items
| Lesser Clarity Potion | 1 | |
| Scroll of Regeneration | 1 | |
| Scroll of Town Portal | 1 | |
| Potion of Healing | 1 | |
| Potion of Mana | 1 | |
| Dust of Appearance | 1 | |
6 total
Chat log
(02:54 / All) HotDogPizza1: great surround
(03:04 / All) HotDogPizza1: great surroudn
(03:26 / All) HotDogPizza1: great surround